 Dungeon Crawl Stone Soup version 0.26-a0-665-gefeb406119 (webtiles) character file.

Game seed: 8964405632697082260

217 Decritt the Grave Robber (level 5, -6/42 HPs)
             Began as a Deep Dwarf Necromancer on Oct 14, 2020.
             Killed from afar by an orc wizard (10 damage)
             ... with a puff of flame
             ... on level 2 of the Dungeon.
             The game lasted 00:05:34 (1968 turns).

Decritt the Grave Robber (Deep Dwarf Necromancer)   Turns: 1968, Time: 00:05:34

Health: -6/42      AC:  2    Str: 12    XL:     5   Next: 61%
Magic:  4/8        EV: 12    Int: 16    God:
Gold:   137        SH:  0    Dex: 13    Spells: 8/9 levels left

rFire    . . .     SeeInvis +   q - +2 mace (holy)
rCold    + . .     Faith    .   (no shield)
rNeg     . . .     Spirit   .   a - +0 robe
rPois    .         Reflect  .   (no helmet)
rElec    .         Harm     .   (no cloak)
rCorr    .         Rampage  .   (no gloves)
MR       .....                  (no boots)
Stlth    ++........             (no amulet)
HPRegen  0.00/turn              n - ring of protection from cold
MPRegen  0.11/turn              s - ring of see invisible

@: non-regenerating
A: damage resistance, heal wounds, sense surroundings 1, no regeneration
a: Heal Wounds


You were on level 2 of the Dungeon.
You visited 1 branch of the dungeon, and saw 3 of its levels.

You collected 137 gold pieces.

Inventory:

Hand Weapons
 f - a +0 dagger
 m - a +0 short sword
 o - a +0 scythe
 q - a +2 mace of holy wrath (weapon)
Armour
 a - a +0 robe (worn)
 d - a +0 leather armour
Jewellery
 n - a ring of protection from cold (left hand)
 s - a ring of see invisible (right hand)
Scrolls
 b - 2 scrolls of identify {unknown}
 c - 3 scrolls of remove curse {unknown}
 e - 2 scrolls of enchant weapon {unknown}
 h - 2 scrolls of blinking {unknown}
 i - 3 scrolls of teleportation {unknown}
 j - a scroll of amnesia {unknown}
 r - a scroll of fog {unknown}
 t - a scroll of fear {unknown}
Potions
 g - a potion of heal wounds {unknown}
 k - a potion of degeneration {unknown}
 l - a potion of resistance {unknown}
 p - 2 potions of berserk rage {unknown}


   Skills:
 + Level 0.1 Fighting
 + Level 0.1 Maces & Flails
 - Level 2.6 Armour
 - Level 2.1 Dodging
 - Level 2.4 Stealth
 + Level 2.8 Spellcasting
 * Level 6.2 Necromancy


You had 8 spell levels left.
You knew the following spells:

 Your Spells              Type           Power        Failure   Level
a - Pain                  Necr           ###.         1%          1

Your spell library contained the following spells:

 Spells                   Type           Power        Failure   Level
 Animate Skeleton         Necr           ###...       1%          1
 Vampiric Draining        Necr           ###.......   4%          3
 Animate Dead             Necr           ###.......   14%         4
 Agony                    Necr           ###.....     38%         5


Dungeon Overview and Level Annotations

Branches:
Dungeon (3/15)

Altars:


Innate Abilities, Weirdness & Mutations

You are resistant to damage.
You can heal yourself by infusing magical energy.
You passively map a small area around you.
You do not regenerate.


Message History

Casting: Pain (safe; 1% risk of failure)
Confirm with . or Enter, or press ? or * to list all spells.
Aiming: Pain (safe; 1% risk of failure)
Press: ? - help, Shift-Dir - straight line, f - orc wizard
Aim: an orc wizard, wielding a +0 dagger and wearing a +0 robe (lightly wounded, fast, chance to defeat MR: 81%)
The orc wizard barely resists.
The orc barely misses you. The orc wizard barely misses you.
Casting: Pain (safe; 1% risk of failure)
Confirm with . or Enter, or press ? or * to list all spells.
Aiming: Pain (safe; 1% risk of failure)
Press: ? - help, Shift-Dir - straight line, f/p - orc wizard
Aim: an orc wizard, wielding a +0 dagger and wearing a +0 robe (lightly wounded, fast, chance to defeat MR: 81%)
The orc wizard barely resists.
The orc wizard casts a spell at you. The puff of flame hits you!
* * * LOW HITPOINT WARNING * * *
The orc hits you with a +0 mace. The orc wizard casts a spell at you.
The puff of flame hits you!
You die...

#.###########################
#............................
#.###########################
#.#............#
#.#.##########'############## ##
#.#'###### #..........#...... .#
#........# #..........##.#### .#
#........# #..........##.#.## .#
#........# #@o........##.#... .#
#........# #.o........##.#.##
.####........# #..........##.#...
........)....#
#...รท......##.#...
######.......# ###.#########.#.#.
### #.......# ##.#########.#.##
..####.......# #............#...
........###### #################
..#########################......


You could see an orc wizard (fast) and an orc.

Vanquished Creatures
  Sigmund (D:2)
  2 adders (D:2)
  A worm (D:2)
  An orc (D:3)
  A ball python (D:2)
  7 bats
  2 giant cockroaches (D:2)
  6 goblins
  4 hobgoblins
  7 kobolds
  2 frilled lizards (D:1)
  8 rats
42 creatures vanquished.

Notes
Turn   | Place    | Note
-------+----------+-------------------------------------------
     0 | D:1      | Decritt the Deep Dwarf Necromancer began the quest for the
                  | Orb.
     0 | D:1      | Reached XP level 1. HP: 15/15 MP: 3/3
   189 | D:1      | Reached XP level 2. HP: 22/22 MP: 3/3
   344 | D:1      | Reached skill level 1 in Armour
   768 | D:2      | Reached skill level 5 in Necromancy
   768 | D:2      | Reached XP level 3. HP: 19/28 MP: 2/5
  1044 | D:2      | Noticed Sigmund
  1060 | D:2      | Killed Sigmund
  1060 | D:2      | Reached skill level 6 in Necromancy
  1060 | D:2      | Reached XP level 4. HP: 33/36 MP: 0/7
  1060 | D:2      | Reached XP level 5. HP: 39/42 MP: 0/8
  1968 | D:2      | Killed from afar by an orc wizard

Illustrated notes

Levels and vault maps discovered:
D:1:      heliophobic_arrival_ceremonial_halls, layout_basic, minmay_hedge_maze
D:2:      layout_basic, minivault_26, kennysheep_path_1, uniq_sigmund
D:3:      layout_loops_corners, uniq_jessica

Skill      XL: |  1  2  3 |
---------------+----------+-----
Spellcasting   | 2 |  2.8
Armour         | 1 2 |  2.6
Necromancy     | 5 6 |  6.2
Fighting       | |  0.1
Maces & Flails | |  0.1
Dodging        | |  2.1
Stealth        | |  2.4

Action                   |  1- 3 |  4- 6 || total
-------------------------+-------+-------++-------
Melee: Unarmed           |    33 |       ||    33
       Dagger            |    87 |       ||    87
       Short sword       |     8 |     3 ||    11
       Mace              |       |    37 ||    37
 Cast: Pain              |    21 |     6 ||    27
 Abil: Heal Wounds       |     5 |     1 ||     6
 Stab: Sleeping          |     1 |       ||     1
Armor: Robe              |     5 |    11 ||    16
       Leather armour    |    51 |     2 ||    53
Dodge: Dodged            |   140 |    40 ||   180

Table legend: (Time is in decaauts)
 A = Elapsed time spent in this place.
 B = Non-inter-level travel time spent in this place.
 C = Inter-level travel time spent in this place.
 D = Time resting spent in this place.
 E = Time spent auto-exploring this place.
 F = Levels seen in this place.
 G = Mean time per level.
                   A        B        C        D        E       F      G
               +--------+--------+--------+--------+--------+-----+--------+
         Total |   1980 |   1900 |     80 |      0 |   1485 |   3 |  660.0 |
       Dungeon |   1980 |   1900 |     80 |      0 |   1485 |   3 |  660.0 |
               +--------+--------+--------+--------+--------+-----+--------+

Top non-repeatable levels by time:
     D:2: 1249 daAuts
     D:1: 716 daAuts
     D:3: 14 daAuts
